 Dungeon Crawl Stone Soup version 0.23-a0-54-gae6112e33f (webtiles) character file.

107744 Htamos the Impassioned (level 16, -19/147 HPs)
             Began as a Hill Orc Fighter on Aug 8, 2018.
             Was a Believer of Uskayaw.
             Killed from afar by a deep elf knight (23 damage)
             ... with a shard of ice
             ... led by a deep elf high priest
             ... on level 3 of the Elven Halls.
             The game lasted 01:26:45 (26001 turns).

Htamos the Impassioned (Hill Orc Fighter)          Turns: 26001, Time: 01:26:46

Health: -19/147    AC: 30    Str: 29    XL:     16   Next: 47%
Magic:  20/29      EV:  8    Int:  8    God:    Uskayaw [**....]
Gold:   559        SH:  0    Dex: 11    Spells: 14/15 levels left

rFire    + . .     SeeInvis +   a - +4 broad axe
rCold    + . .     Gourm    .   (no shield)
rNeg     . . .     Faith    .   t - +2 plate armour {rPois}
rPois    +         Spirit   .   r - +0 helmet "Alobry Egaan" {rElec Str+4}
rElec    +         Reflect  .   U - +2 cloak
rCorr    .         Harm     .   z - +0 pair of gloves
MR       +....                  G - +2 pair of boots
Stlth    ..........             T - amulet of regeneration
HPRegen  1.14/turn              Q - ring "Pifud" {+Inv rF+ rC+}
MPRegen  0.21/turn              u - ring of see invisible

@: very slightly contaminated
A: slimy green scales 1, regeneration 1
a: Stomp, Line Pass, Renounce Religion, Evoke Invisibility


You were on level 3 of the Elven Halls.
You worshipped Uskayaw.
Uskayaw was most pleased with you.
You were hungry.

You visited 4 branches of the dungeon, and saw 23 of its levels.
You also visited: Sewer and Ice Cave.

You collected 3272 gold pieces.
You spent 2713 gold pieces at shops.

Inventory:

Hand Weapons
 a - a +4 broad axe (weapon)
 b - a +5 hunting sling of freezing
 l - the +6 hand axe of Duwan {chop, +Fly rF- MR+++ Str+5}
   (You found it on level 8 of the Dungeon)

   It inflicts extra damage upon your enemies.
   It affects your strength (+5).
   It makes you vulnerable to fire.
   It affects your resistance to hostile enchantments.
   It lets you fly.
 M - the +6 battleaxe "Mabbih" {chop, *Slow MR++ Int+4 Dex-2}
   (You acquired it on level 11 of the Dungeon)

   It inflicts extra damage upon your enemies.
   It affects your intelligence (+4).
   It affects your dexterity (-2).
   It affects your resistance to hostile enchantments.
   It may slow you when you take damage.
Missiles
 q - 60 sling bullets
 v - 2 throwing nets (quivered)
Armour
 c - a +2 shield
 r - the +0 helmet "Alobry Egaan" (worn) {rElec Str+4}
   (You bought it in a shop on level 2 of the Orcish Mines)

   It affects your strength (+4).
   It insulates you from electricity.
 t - a +2 plate armour of poison resistance (worn)
 z - a +0 pair of gloves (worn)
 G - a +2 pair of boots (worn)
 U - a +2 cloak (worn)
Jewellery
 u - a ring of see invisible (right hand)
 x - the ring of Fun {rN+ MP-9 Str+7 Int+4}
   (You found it on level 8 of the Dungeon)

   [ring of positive energy]

   It affects your strength (+7).
   It affects your intelligence (+4).
   It protects you from negative energy.
   It affects your magic capacity (-9).
 D - a +4 ring of dexterity
 K - an uncursed ring of poison resistance
 Q - the ring "Pifud" (left hand) {+Inv rF+ rC+}
   (You found it on level 3 of the Lair of Beasts)

   [ring of protection from cold]

   It protects you from fire.
   It protects you from cold.
   It lets you turn invisible.
 T - an amulet of regeneration (around neck)
 V - an uncursed ring of protection from magic
 Y - a +4 ring of strength
 Z - an uncursed ring of protection from magic
Wands
 e - a wand of acid (4)
 s - a wand of disintegration (9)
 C - a wand of paralysis (10)
 F - a wand of scattershot (7)
 J - a wand of iceblast (5)
 R - a wand of enslavement (21)
 W - a wand of flame (38)
Scrolls
 i - 3 scrolls of fear
 j - 4 scrolls of amnesia
 k - 9 scrolls of teleportation
 n - 6 scrolls of remove curse
 o - 2 scrolls of immolation
 A - 2 scrolls of fog
 I - 2 scrolls of holy word
 X - 2 scrolls of enchant armour
Potions
 g - a potion of flight
 w - 8 potions of curing
 y - a potion of mutation
 H - a potion of magic
 L - 2 potions of haste
Miscellaneous
 P - a phial of floods
Comestibles
 f - 39 rations


   Skills:
 + Level 14.5 Fighting
 + Level 15.4 Axes
 + Level 4.5 Slings
 + Level 13.4 Armour
 + Level 13.4 Shields
 - Level 3.0 Translocations
 * Level 18.2 Invocations


You had 14 spell levels left.
You knew the following spells:

 Your Spells              Type           Power        Failure   Level  Hunger
a - Apportation           Tloc           #.....       61%         1    ##.....

Your spell library contained the following spells:

 Spells                   Type           Power        Failure   Level  Hunger
 Cause Fear               Hex            #.........   100%        4    #####..
 Conjure Flame            Conj/Fire      #.......     100%        3    ####...
 Bolt of Fire             Conj/Fire      #.........   100%        6    #######
 Lightning Bolt           Conj/Air       #.........   100%        5    ######.
 Confuse                  Hex            #.......     100%        3    ####...
 Freezing Cloud           Conj/Ice/Air   #.........   100%        6    #######
 Mephitic Cloud           Conj/Pois/Air  #.......     100%        3    ####...
 Ring of Flames           Chrm/Fire      #.........   100%        7    #######
 Summon Small Mammal      Summ           #...         95%         1    ##.....
 Animate Skeleton         Necr           N/A          95%         1    ##.....
 Dragon Form              Tmut           #.........   100%        7    #######
 Confusing Touch          Hex            #.....       95%         1    ##.....
 Flame Tongue             Conj/Fire      #....        95%         1    ##.....
 Metabolic Englaciation   Hex/Ice        #.........   100%        5    ######.
 Shatter                  Erth           #.........   100%        9    #######
 Static Discharge         Conj/Air       #.......     100%        3    ####...
 Petrify                  Tmut/Erth      #.......     100%        4    #####..
 Tornado                  Air            #.........   100%        9    #######
 Dragon's Call            Summ           #.........   100%        9    #######
 Gell's Gravitas          Tloc           #.........   93%         3    ####...
 Yara's Violent Unravell  Hex/Tmut       #.........   100%        5    ######.
 Poisonous Vapours        Pois/Air       #.....       99%         2    ###....
 Ignition                 Fire           #.........   100%        8    #######


Dungeon Overview and Level Annotations

Branches:
Dungeon (12/15)            Temple (0/1) D:6            Lair (6/6) D:11
 Shoals (0/4) Lair:2       Spider (0/4) Lair:2        Slime (0/5) Lair:6
    Orc (2/2) D:12            Elf (3/3) Orc:2

Altars:
Cheibriados
Gozag
Hepliaklqana
Qazlal
Ru
Sif Muna
Uskayaw
Vehumet
Wu Jian
Beogh
Jiyva

Shops:
D:7 ?   D:12 (   Orc:1 *   Orc:2 (!([

Annotations:
D:9 exclusion: statue
Lair:1 exclusion: 2 oklob plants
Lair:2 exclusion: oklob plant
Lair:5 exclusion: 5 oklob plants
Elf:2 3 runed doors


Innate Abilities, Weirdness & Mutations

You are partially covered in slimy green scales. (AC +2)
Your natural rate of healing is unusually fast.


Message History

Okay, then.
Unknown command.
Put on which piece of jewellery? (? for menu, Esc to quit)
You're wearing all the rings you can.
Remove which one? (? for menu, Esc to cancel) < or
Q - the ring "Pifud" {+Inv rF+ rC+} > or
x - the ring of Fun {rN+ MP-9 Str+7 Int+4} You remove the ring of Fun {rN+ MP-9 Str+7 Int+4}.
Something hits you.
* * * LOW HITPOINT WARNING * * *
The deep elf mage casts a spell at you. The bolt of magma hits you!
You partially resist.
* * * LOW HITPOINT WARNING * * *
Reactivating autopickup.
u - a ring of see invisible (right hand)
The deep elf knight gestures at you while chanting.
The shard of ice hits you! You partially resist.
You die...

,..%..4#####.........#********,,,
,%....,* ##.......## ****
+#...*** ##.....#'## *###**
##34.###.## * *## ##e## ##.## *.#
#E# ##.####### ##.## #E#
##'.....# #...# #e# ##.....##
######...## ##@#### #.......#
....'.....# #.(e..# #...8...#
#####.....## ##..(..## #..)....#
#....!..# #.......# ##.....## #
#.......###..))...## #.....# ##
####'#####.........# ###'### .##
#.# ##..(.(..## #.# #.## #.#
#.....(.# #.# ##.## #.#
##'.....'## #.# #


You could see a soul eater, a deep elf knight (invisible), 2 earth elementals,
an ice devil and 2 deep elf magi.

Vanquished Creatures
  Rupert (Orc:2)
  Kirke (Lair:5)
  A deep elf high priest (Elf:3)
  Josephine (Lair:4)
  A fire dragon (Lair:6)
  2 ice dragons (IceCv)
  A hydra (Lair:6)
  A catoblepas (D:12)
  An alligator (Lair:6)
  3 two-headed ogres
  4 death yaks (Lair:6)
  8 dancing weapons
  2 orc high priests (Orc:2)
  Urug (Lair:4)
  Sonja (Lair:3)
  A fire crab (Lair:4)
  15 deep elf knights
  2 unseen horrors
  6 deep elf archers
  A lindwurm (Lair:6)
  40 deep elf magi
  An orc knight (Orc:2)
  2 manticores
  An oklob plant (Lair:2)
  4 orc sorcerers (Orc:2)
  5 black mambas
  2 ice statues (IceCv)
  A merfolk siren (Lair:2)
  Joseph (D:8)
  5 torpor snails (Lair:6)
  3 elephants (Lair:6)
  A gargoyle (D:11)
  7 spiny frogs
  5 rime drakes
  5 komodo dragons
  4 jumping spiders (Lair:2)
  A merfolk (Lair:2)
  5 trolls
  4 tyrant leeches (Lair:6)
  9 polar bears (Lair:6)
  6 raiju (Lair:6)
  8 hornets
  A blink frog (shapeshifter) (D:11)
  13 blink frogs
  10 hippogriffs
  An air elemental (Elf:3)
  3 redbacks (Lair:2)
  A shadow (D:11)
  A spriggan (D:7)
  5 wraiths (Lair:4)
  3 wyverns
  A water elemental (Elf:1)
  51 yaks
  3 fire elementals
  Grum (D:9)
  A hungry ghost (D:10)
  3 basilisks
  9 wargs
  7 water moccasins
  5 porcupines
  12 hell hounds
  13 black bears
  Duvessa (D:7)
  23 ice beasts
  41 orc warriors
  2 phantoms (D:6)
  8 ogres
  3 sky beasts
  A necrophage (D:9)
  26 wolves
  10 centaurs
  A big kobold (D:8)
  12 crocodiles
  16 bullfrogs
  3 earth elementals
  Dowan (D:7)
  A wyvern zombie (D:8)
  8 scorpions
  13 killer bees
  9 wights
  A howler monkey (D:4)
  4 electric eels
  3 bullfrog zombies
  8 crimson imps
  2 centaur zombies
  A quasit (D:10)
  3 jellies
  8 hounds
  19 orc priests
  40 orc wizards
  3 bullfrog skeletons
  A centaur skeleton (D:11)
  3 iguanas
  9 worker ants
  A hound skeleton (D:8)
  2 worker ant zombies (D:11)
  4 gnolls (D:3)
  12 adders
  7 shadow imps
  3 adder zombies
  6 oozes
  An adder skeleton (D:4)
  10 worms
  3 dart slugs
  7 leopard geckos
  116 orcs
  8 giant cockroaches
  7 goblins
  8 hobgoblins
  8 jackals
  4 quokkas
  3 ball pythons
  17 bats
  7 frilled lizards
  9 kobolds
  A leopard gecko zombie (D:7)
  11 rats
  2 fungi
  3 plants
862 creatures vanquished.

Vanquished Creatures (collateral kills)
  An orc warlord (Orc:2)
  A hydra (Lair:5)
  3 hogs (Lair:5)
  A hell hound (D:11)
6 creatures vanquished.

Vanquished Creatures (others)
  A deep elf knight (Elf:3)
  A deep elf archer (Elf:1)
  A deep elf mage (Elf:1)
  A human (Lair:5)
  An electric eel (Lair:5)
  An orc (Orc:2)
  13 fungi
  20 plants
39 creatures vanquished.

Grand Total: 907 creatures vanquished

Notes
Turn   | Place    | Note
-------+----------+-------------------------------------------
     0 | D:1      | Htamos the Hill Orc Fighter began the quest for the Orb.
     0 | D:1      | Reached XP level 1. HP: 19/19 MP: 1/1
   122 | D:1      | Reached XP level 2. HP: 27/27 MP: 2/2
   687 | D:1      | Reached XP level 3. HP: 33/33 MP: 3/3
  1036 | D:2      | Reached XP level 4. HP: 34/40 MP: 4/4
  1825 | D:3      | Reached XP level 5. HP: 37/47 MP: 5/5
  1951 | D:3      | Found a glowing drain.
  1973 | Sewer    | Entered a sewer
  2837 | D:3      | Reached skill level 5 in Fighting
  2915 | D:3      | Reached XP level 6. HP: 56/56 MP: 6/6
  2996 | D:3      | Found a hide-covered altar of Uskayaw.
  3030 | D:3      | Became a worshipper of Uskayaw the Reveler
  3168 | D:3      | Reached * piety under Uskayaw
  3216 | D:3      | Found a hazy altar of Hepliaklqana.
  3385 | D:4      | Found a stormy altar of Qazlal.
  3394 | D:4      | Reached ** piety under Uskayaw
  3671 | D:3      | Gained mutation: You are partially covered in slimy green scales. (AC +2) [potion of mutation]
  3671 | D:3      | Gained mutation: You are dopey. (Int -2) [potion of mutation]
  3671 | D:3      | Gained mutation: Your natural rate of healing is unusually fast. [potion of mutation]
  3752 | D:4      | Reached *** piety under Uskayaw
  3753 | D:4      | Reached skill level 1 in Invocations
  4099 | D:4      | Reached skill level 5 in Axes
  4099 | D:4      | Reached skill level 2 in Invocations
  4099 | D:4      | Reached XP level 7. HP: 58/61 MP: 8/8
  4113 | D:4      | Reached skill level 5 in Armour
  4182 | D:5      | Entered Level 5 of the Dungeon
  4190 | D:4      | Reached skill level 5 in Shields
  4636 | D:5      | Reached skill level 3 in Invocations
  4732 | D:5      | Got a scorched ring mail
  4733 | D:5      | Identified the +1 ring mail of the Trees {rPois} (You found it on level 5 of the Dungeon)
  4964 | D:5      | Reached XP level 8. HP: 69/70 MP: 10/10
  5288 | D:6      | Reached skill level 4 in Invocations
  5329 | D:6      | Found a staircase to the Ecumenical Temple.
  5365 | D:6      | Reached **** piety under Uskayaw
  5473 | D:6      | Found a snail-covered altar of Cheibriados.
  5610 | D:6      | Found an ornate altar of the Wu Jian Council.
  6013 | D:7      | Reached skill level 5 in Invocations
  6102 | D:7      | Found an opulent altar of Gozag.
  6198 | D:7      | Reached XP level 9. HP: 76/79 MP: 12/12
  6209 | D:7      | Noticed Duvessa
  6211 | D:7      | Noticed Dowan
  6222 | D:7      | Killed Duvessa
  6429 | D:7      | Killed Dowan
  6717 | D:7      | Reached skill level 6 in Invocations
  6763 | D:7      | Found Goret's Magic Scroll Boutique.
  6771 | D:7      | Bought a scroll of blinking for 82 gold pieces
  6771 | D:7      | Bought a scroll of enchant weapon for 82 gold pieces
  7365 | D:7      | Bought a scroll of enchant armour for 82 gold pieces
  7653 | D:8      | Noticed an unseen horror
  7677 | D:8      | Killed an unseen horror
  7677 | D:8      | Reached skill level 7 in Invocations
  7774 | D:8      | Reached XP level 10. HP: 48/89 MP: 15/15
  7938 | D:8      | Got a steaming hand axe
  7939 | D:8      | Identified the +6 hand axe of Duwan {chop, +Fly rF- MR+++ Str+5} (You found it on level 8 of the Dungeon)
  7941 | D:8      | Got a pitted copper ring
  7942 | D:8      | Identified the ring of Fun {rN+ MP-9 Str+7 Int+4} (You found it on level 8 of the Dungeon)
  7970 | D:8      | Noticed a two-headed ogre
  7987 | D:8      | Killed a two-headed ogre
  8014 | D:8      | Reached ***** piety under Uskayaw
  8137 | D:8      | Reached skill level 8 in Invocations
  8579 | D:8      | Found a sacrificial altar of Ru.
  8712 | D:8      | Noticed Joseph
  8724 | D:8      | Killed Joseph
  9228 | D:9      | Found a radiant altar of Vehumet.
  9417 | D:9      | Noticed Grum
  9426 | D:9      | Reached skill level 10 in Axes
  9429 | D:9      | Reached ****** piety under Uskayaw
  9431 | D:9      | Killed Grum
  9630 | D:10     | Entered Level 10 of the Dungeon
  9647 | D:10     | Reached XP level 11. HP: 74/98 MP: 8/17
  9748 | D:10     | Reached skill level 9 in Invocations
  9783 | D:10     | Found the +7 Singing Sword
 10451 | D:11     | Reached skill level 10 in Fighting
 10515 | D:11     | Noticed a two-headed ogre
 10534 | D:11     | Killed a two-headed ogre
 10608 | D:11     | Noticed a two-headed ogre
 10620 | D:11     | Killed a two-headed ogre
 10768 | D:11     | Noticed a manticore
 10774 | D:11     | Killed a manticore
 10774 | D:11     | Reached skill level 10 in Invocations
 10931 | D:11     | Killed an unseen horror
 11053 | D:11     | Found a staircase to the Lair.
 11074 | Lair:1   | Entered Level 1 of the Lair of Beasts
 11195 | Lair:1   | Got a pitted shortbow
 11266 | Lair:1   | Reached skill level 10 in Armour
 11266 | Lair:1   | Reached XP level 12. HP: 97/107 MP: 11/20
 11778 | Lair:1   | Got a warped platinum ring
 12109 | Lair:2   | Reached skill level 10 in Shields
 12109 | Lair:2   | Reached skill level 11 in Invocations
 12823 | Lair:2   | Found a sacrificial altar of Ru.
 12973 | Lair:2   | Found a staircase to the Shoals.
 12979 | Lair:2   | Reached skill level 12 in Invocations
 13305 | Lair:2   | Found a hole to the Spider Nest.
 13593 | Lair:3   | Noticed Sonja
 13772 | Lair:3   | Killed Sonja
 13941 | Lair:3   | Reached XP level 13. HP: 116/116 MP: 13/22
 13946 | Lair:3   | Reached skill level 13 in Invocations
 14005 | Lair:3   | Found a frozen archway.
 14036 | IceCv    | Entered an ice cave
 14141 | IceCv    | Identified the ring "Quut" {rN+ Dex+2 Stlth+} (You found it on level 1 of the Lair of Beasts)
 14423 | IceCv    | Noticed an ice dragon
 14423 | IceCv    | Noticed an ice dragon
 14445 | IceCv    | Killed an ice dragon
 14447 | IceCv    | Killed an ice dragon
 14933 | Lair:3   | Got a heavily runed ivory ring
 15123 | Lair:4   | Identified the ring "Pifud" {+Inv rF+ rC+} (You found it on level 3 of the Lair of Beasts)
 15140 | Lair:4   | Reached skill level 14 in Invocations
 15465 | Lair:4   | Noticed Urug
 15474 | Lair:4   | Killed Urug
 15693 | Lair:4   | Noticed Josephine
 15705 | Lair:4   | Killed Josephine
 16173 | Lair:5   | Noticed Kirke
 16182 | Lair:5   | Killed Kirke
 16572 | Lair:5   | Reached XP level 14. HP: 127/127 MP: 16/25
 16991 | Lair:5   | Learned a level 1 spell: Apportation
 17087 | Lair:5   | Lost mutation: You are dopey. (Int -2) [mutagenic glow]
 17468 | Lair:6   | Entered Level 6 of the Lair of Beasts
 17520 | Lair:6   | Reached skill level 15 in Invocations
 17532 | Lair:6   | Reached skill level 1 in Translocations
 17825 | Lair:6   | Found a runed door.
 18123 | Lair:6   | Found a staircase to the Slime Pits.
 18123 | Lair:6   | Found a viscous altar of Jiyva.
 18408 | Lair:6   | Reached skill level 16 in Invocations
 19084 | Lair:6   | Found an opulent altar of Gozag.
 19525 | Lair:6   | Reached XP level 15. HP: 87/136 MP: 18/27
 19895 | D:8      | Identified the +7 shortbow "Kiepalleh" {venom, *Drain +Blink rElec Str+4} (You found it on level 1 of the Lair of Beasts)
 20044 | D:11     | Identified a scroll of acquirement
 20045 | D:11     | Got a fine battleaxe
 20048 | D:11     | Identified the +6 battleaxe "Mabbih" {chop, *Slow MR++ Int+4 Dex-2} (You acquired it on level 11 of the Dungeon)
 20173 | D:7      | Bought a scroll of acquirement for 572 gold pieces
 20173 | D:7      | Bought a scroll of acquirement for 572 gold pieces
 20557 | D:12     | Found Jipreuma's Weapon Boutique.
 20674 | D:12     | Found a staircase to the Orcish Mines.
 20692 | Orc:1    | Entered Level 1 of the Orcish Mines
 20920 | Orc:1    | Found Emasas's Assorted Antiques.
 20931 | Orc:1    | Bought a dented diamond amulet for 125 gold pieces
 21231 | Orc:2    | Entered Level 2 of the Orcish Mines
 21234 | Orc:1    | Reached skill level 1 in Slings
 21350 | Orc:2    | Found a staircase to the Elven Halls.
 21450 | Orc:2    | Found a roughly hewn altar of Beogh.
 21462 | Orc:2    | Found Bawn's Antique Weapon Shoppe.
 21751 | Orc:2    | Found a roughly hewn altar of Beogh.
 21811 | Orc:2    | Found Hibb's Distillery.
 21821 | Orc:2    | Bought a potion of heal wounds for 80 gold pieces
 21882 | Orc:2    | Found a roughly hewn altar of Beogh.
 21954 | Orc:2    | Paralysed by an orc sorcerer for 7 turns
 21962 | Orc:2    | Noticed Rupert
 21979 | Orc:2    | Killed Rupert
 22222 | Orc:2    | Noticed an orc warlord
 22245 | Orc:2    | Killed an orc warlord
 22413 | Orc:2    | Found Fuihivan's Antique Weapon Shop.
 22414 | Orc:2    | Found a roughly hewn altar of Beogh.
 22417 | Orc:2    | Found Karchemivo's Antique Armour Boutique.
 22430 | Orc:2    | Reached skill level 17 in Invocations
 22443 | Orc:2    | Bought an encrusted helmet for 247 gold pieces
 22443 | Orc:2    | Bought a pair of embroidered boots for 195 gold pieces
 22443 | Orc:2    | Bought a shiny plate armour for 676 gold pieces
 22462 | Orc:2    | Identified the +0 helmet "Alobry Egaan" {rElec Str+4} (You bought it in a shop on level 2 of the Orcish Mines)
 22767 | Orc:2    | Found a staircase to the Elven Halls.
 22919 | Orc:2    | Found a roughly hewn altar of Beogh.
 22923 | Orc:2    | Found Bawn's Antique Weapon Shoppe.
 22966 | Orc:2    | Found a roughly hewn altar of Beogh.
 22967 | Orc:2    | Found Hibb's Distillery.
 23099 | Orc:2    | Found Fuihivan's Antique Weapon Shop.
 23100 | Orc:2    | Found a roughly hewn altar of Beogh.
 23103 | Orc:2    | Found Karchemivo's Antique Armour Boutique.
 23150 | Orc:2    | Found a roughly hewn altar of Beogh.
 23237 | Elf:1    | Entered Level 1 of the Elven Halls
 23882 | Elf:1    | You fall through a shaft!
 23917 | Elf:2    | Reached skill level 15 in Axes
 24017 | Elf:2    | Reached XP level 16. HP: 146/146 MP: 19/28
 24527 | Elf:2    | Found a runed gate.
 24527 | Elf:2    | Found a runed gate.
 24527 | Elf:2    | Found a runed gate.
 24988 | Elf:1    | Found a deep blue altar of Sif Muna.
 25353 | Elf:1    | Reached skill level 18 in Invocations
 25562 | Elf:3    | Entered Level 3 of the Elven Halls
 26000 | Elf:3    | HP: 3/147 [deep elf mage/bolt of magma[a deep elf high priest] (18)]
 26001 | Elf:3    | Killed from afar by a deep elf knight

Vault maps used:
D:1:      dpeg_arrival_chase, st_stairs_8
D:2:      first_ration
D:3:      old_standard_altar, lemuel_round_altar, gup_sewer_entry_pipe
D:4:      kennysheep_little_box
D:6:      nicolae_overflow_hidden_temple, nicolae_overflow_crystal_walls,
          minmay_temple_entry_large_hall
D:7:      lemuel_doored_altar, serial_shops, nicolae_shop_statue_plus,
          the_bakery, uniq_duvessa
D:8:      minmay_the_grid_square_5x5_3x3, nicolae_ru_path_of_blood,
          minmay_sticks_and_stones, uniq_joseph
D:9:      kennysheep_spiral_hall, vehumet_statue, uniq_grum
D:10:     old_forge, st_stairs_3
D:11:     minmay_lair_entry_lava, serial_glass, glass_columns_a,
          glass_columns_c, glass_columns_a, glass_columns_a, glass_columns_a,
          glass_columns_b, minmay_joined_circles
D:12:     david_orc_4, serial_shops, shop, nicolae_shop_statue_plus, shop,
          nicolae_shop_behind_doors, tso_metal_star
Lair:1:   minmay_lair_oklob_chamber, lemuel_fruit_tree, serial_bayou_shore_a
Lair:2:   minmay_lair_oklob_tunnel, elwin_shoals_entry_rooms,
          nicolae_spider_entry_tight_spaces, basic_altar
Lair:3:   portal_ice_cave_entry_ice_beasts, uniq_sonja
Lair:4:   minmay_lair_drake_nest, grunt_megastairs_5, uniq_josephine, uniq_urug
Lair:5:   serial_bayou_ford_a, dpeg_oklob_1, uniq_kirke
Lair:6:   wormcave, hangedman_lair_caniforms_friends, slime_altar_1,
          st_stairs_10, lemuel_centaur_altar
Orc:1:    cheibrodos_orc_guarddog, serial_shops, nicolae_shop_crystal
Orc:2:    grunt_orc_community_town_hall, grunt_orc_community_big_house_2,
          grunt_orc_community_big_house_1, grunt_orc_community_house_2,
          grunt_orc_community_house_2, grunt_orc_community_house_1,
          grunt_orc_community_house_3, uniq_rupert
Elf:1:    evilmike_minifort, lemuel_blue_sif_altar
Elf:2:    minivault_23, minivault_28
Elf:3:    elf_hall, nicolae_trove_entry_free_sample
Sewer:    sewer_fruit_machine
IceCv:    ice_cave_small_dragons

Skill      XL: |  1  2  3  4  5  6  7  8  9 10 11 12 13 14 15 16 |
---------------+-------------------------------------------------+-----
Axes           | 3 4 5 6 7 8 10 11 12 13 14 15 | 15.4
Fighting       | 4 5 6 7 8 9 10 11 12 13 14 | 14.5
Armour         | 4 5 6 7 8 10 11 12 13 | 13.4
Shields        | 4 5 6 7 8 9 10 11 12 13 | 13.4
Invocations    | 2 3 5 7 8 10 12 14 16 17 18 | 18.2
Translocations | 3 |  3.0
Slings         | 3 4 |  4.5

Action                   |  1- 3 |  4- 6 |  7- 9 | 10-12 | 13-15 | 16-18 || total
-------------------------+-------+-------+-------+-------+-------+-------++-------
Melee: War axe           |   106 |   259 |   163 |       |       |       ||   528
       Broad axe         |       |       |   261 |    14 |   898 |   141 ||  1314
       Hand axe          |       |       |       |   572 |   237 |       ||   809
       Unarmed           |       |       |       |       |     4 |       ||     4
       Battleaxe         |       |       |       |       |   124 |    85 ||   209
 Fire: Hunting sling     |       |       |       |       |    31 |    21 ||    52
 Cast: Apportation       |       |       |       |       |     7 |       ||     7
Invok: Line Pass         |       |       |       |     1 |     3 |       ||     4
       Grand Finale      |       |       |       |       |     1 |       ||     1
Evoke: Wand              |       |       |     2 |     3 |    19 |       ||    24
       Box of beasts     |       |       |       |     1 |     1 |       ||     2
       Phial of floods   |       |       |       |       |     3 |       ||     3
  Use: Scroll            |       |    10 |    12 |     4 |    28 |     2 ||    56
       Potion            |       |     8 |     2 |       |    15 |     5 ||    30
 Stab: Paralysed         |       |     1 |    11 |    57 |   133 |    13 ||   215
       Invisible         |       |       |       |       |     1 |       ||     1
       Petrified         |       |       |       |       |     2 |       ||     2
       Petrifying        |       |       |       |       |     1 |       ||     1
  Eat: Chunk             |     1 |     9 |    11 |    17 |    28 |     5 ||    71
       Ration            |       |       |     1 |     1 |     3 |       ||     5
Armor: Scale mail        |    54 |   113 |    32 |       |       |       ||   199
       Ring mail         |       |       |   120 |   128 |   233 |       ||   481
       Skin              |       |       |     6 |       |       |       ||     6
       Plate armour      |       |       |       |       |   219 |   164 ||   383
       Chain mail        |       |       |       |       |     3 |       ||     3
Dodge: Dodged            |    29 |   104 |   123 |   117 |   295 |    58 ||   726
Block: Shield            |    63 |   134 |   235 |   308 |   785 |       ||  1525

Table legend:
 A = Spawn XP
 B = Non-spawn XP
 C = Spawn XP percentage of total XP
 D = Spawn monster count
 E = Non-spawn monster count
 F = Spawn count percentage of total count
 G = Total turns spent on level
                    A         B        C        D         E        F      G
               +---------+---------+-------+---------+---------+-------+---------
         Total |       0 |  153920 |   0.0 |       0 |     864 |   0.0 | 26001
               +---------+---------+-------+---------+---------+-------+---------
           D:1 |       0 |      38 |   0.0 |       0 |      25 |   0.0 |   890
           D:2 |       0 |      89 |   0.0 |       0 |      21 |   0.0 |   802
           D:3 |       0 |     131 |   0.0 |       0 |      33 |   0.0 |  1002
           D:4 |       0 |     478 |   0.0 |       0 |      14 |   0.0 |   835
           D:5 |       0 |     481 |   0.0 |       0 |      20 |   0.0 |   782
           D:6 |       0 |     790 |   0.0 |       0 |      15 |   0.0 |   820
           D:7 |       0 |    1347 |   0.0 |       0 |      28 |   0.0 |  1680
           D:8 |       0 |    4059 |   0.0 |       0 |      45 |   0.0 |  1754
           D:9 |       0 |    1635 |   0.0 |       0 |      21 |   0.0 |   625
          D:10 |       0 |    2022 |   0.0 |       0 |      35 |   0.0 |   916
          D:11 |       0 |    7076 |   0.0 |       0 |      49 |   0.0 |  1100
          D:12 |       0 |    2733 |   0.0 |       0 |      24 |   0.0 |   175
        Lair:1 |       0 |    1404 |   0.0 |       0 |      12 |   0.0 |   835
        Lair:2 |       0 |    9502 |   0.0 |       0 |      38 |   0.0 |  1694
        Lair:3 |       0 |    6866 |   0.0 |       0 |      35 |   0.0 |   636
        Lair:4 |       0 |    8384 |   0.0 |       0 |      29 |   0.0 |  1020
        Lair:5 |       0 |    6934 |   0.0 |       0 |      24 |   0.0 |  1455
        Lair:6 |       0 |   31225 |   0.0 |       0 |     117 |   0.0 |  2168
         Orc:1 |       0 |    1741 |   0.0 |       0 |      22 |   0.0 |   653
         Orc:2 |       0 |   16081 |   0.0 |       0 |     135 |   0.0 |  2012
         Elf:1 |       0 |   22715 |   0.0 |       0 |      41 |   0.0 |  1480
         Elf:2 |       0 |   12878 |   0.0 |       0 |      19 |   0.0 |   725
         Elf:3 |       0 |    9779 |   0.0 |       0 |      17 |   0.0 |   439
         Sewer |       0 |      84 |   0.0 |       0 |      25 |   0.0 |   824
         IceCv |       0 |    5448 |   0.0 |       0 |      20 |   0.0 |   679
               +---------+---------+-------+---------+---------+-------+---------
